 Dungeon Crawl Stone Soup version 0.29.1 (webtiles) character file.

Game seed: 3241300317226632025

512 fingers the Grave Robber (level 6, 0/42 HPs)
             Began as a Demonspawn Necromancer on Sept 9, 2022.
             Slain by an ogre
             ... wielding a +0 giant club
              (6 damage)
             ... on level 5 of the Dungeon on Sept 12, 2022.
             The game lasted 00:07:04 (3698 turns).

fingers the Grave Robber (Demonspawn Necromancer)   Turns: 3698, Time: 00:07:05

Health: 0/42       AC:  8    Str:  9    XL:     6   Next: 99%
Magic:  12/13      EV: 12    Int: 24    God:
Gold:   89         SH:  0    Dex: 13    Spells: 6/14 levels left

rFire   . . .      SeeInvis .   v - +2 whip (freeze)
rCold   . . .      Faith    .   (no shield)
rNeg    . . .      Spirit   .   a - +0 robe
rPois   .          Reflect  .   (helmet restricted)
rElec   .          Harm     .   (no cloak)
rCorr   .          Rampage  .   (no gloves)
Will    .....                   (no boots)
Stlth   ++........              (no amulet)
HPRegen 0.14/turn               r - +6 ring of intelligence
MPRegen 0.13/turn               b - +4 ring of protection

@: no status effects
A: horns 2, yellow scales 1
a: no special abilities


You were on level 5 of the Dungeon.
You visited 1 branch of the dungeon, and saw 5 of its levels.

You collected 89 gold pieces.

Inventory:

Hand Weapons
 g - a +2 flail of holy wrath
 v - a +2 whip of freezing (weapon)
Armour
 a - a +0 robe (worn)
Jewellery
 b - a +4 ring of protection (right hand)
 d - a ring of wizardry
 e - a ring of protection from fire
 r - a +6 ring of intelligence (left hand)
 u - a +6 ring of strength
Scrolls
 c - a scroll of vulnerability {unknown}
 o - a scroll of torment {unknown}
 p - a scroll of magic mapping {unknown}
 q - a scroll of teleportation {unknown}
 s - a scroll of identify {unknown}
 t - 2 scrolls of poison {unknown}
 x - a scroll of enchant armour {unknown}
Potions
 f - a potion of heal wounds
 h - a potion of attraction {unknown}
 i - a potion of mutation {unknown}
 j - a potion of haste {unknown}
 k - a potion of cancellation {unknown}
 l - a potion of ambrosia {unknown}
 m - a potion of berserk rage {unknown}
 n - 2 potions of might {unknown}
 w - a potion of curing {unknown}


   Skills:
 + Level 0.3 Fighting
 + Level 2.3 Dodging
 + Level 2.1 Stealth
 + Level 0.3 Unarmed Combat
 + Level 4.8 Spellcasting
 + Level 7.0 Necromancy


You had 6 spell levels left.
You knew the following spells:

 Your Spells              Type           Power      Damage    Failure   Level
a - Necrotise             Necr           100%       1d9       1%          1
b - Vampiric Draining     Necr           39%        2d8       1%          3
c - Animate Dead          Necr           39%        N/A       4%          4

Your spell library contained the following spells:

 Spells                   Type           Power      Damage    Failure   Level
 Agony                    Necr           39%        N/A       14%         5
 Gell's Gravitas          Tloc           5%         N/A       26%         3
 Teleport Other           Tloc           5%         N/A       26%         3
 Tukima's Dance           Hex            5%         N/A       26%         3
 Passage of Golubria      Tloc           5%         N/A       65%         4
 Yara's Violent Unravell  Hex/Tmut       2%         3d3       94%         5
 Dispersal                Tloc           2%         N/A       100%        6


Dungeon Overview and Level Annotations

Branches:
Dungeon (6/15)
 Temple: D:4-7

Altars:

Shops:
D:2 [


Innate Abilities, Weirdness & Mutations

You have a pair of horns on your head.
You are partially covered in yellow scales. (AC +2)


Message History

The centaur closely misses you. The centaur kicks you.
The centaur writhes in agony!
You kill the centaur!
The dead are walking!
Your Necromancy skill increases to level 7!
You can't see any susceptible monsters within range! (Use Z to cast anyway.)
You can't see any susceptible monsters within range! (Use Z to cast anyway.)
You can't see any susceptible monsters within range! (Use Z to cast anyway.)
You can't see any susceptible monsters within range! (Use Z to cast anyway.) Welcome back, fingers the Demonspawn Necromancer.
Press ? for a list of commands and other information.
Your centaur skeleton crumbles into dust!
Magic restored.
HP restored.
You see here a +0 shortbow.
There is a stone staircase leading down here.
Found a stone staircase leading up.
An ogre comes into view. It is wielding a +0 giant club.
The ogre writhes in agony.
The ogre barely resists.
The ogre writhes in agony.
You hit the ogre but do no damage.
The ogre is moderately wounded.
The ogre closely misses you. The ogre attacks as you move away!
The ogre hits you with a +0 giant club!!
Ouch! That really hurt!
You are too injured to fight recklessly!
You are too injured to fight recklessly!
An ogre is nearby!
Casting: Necrotise (safe; 1% risk of failure)
Confirm with . or Enter, or press ? or * to list all spells.
Aiming: Necrotise (safe; 1% risk of failure)
Press: ? - help, Shift-Dir - straight line, f/p - ogre
Aim: an ogre, wielding a +0 giant club (lightly wounded, chance to affect: 83%)
The ogre writhes in agony.
The ogre attacks as you move away! The ogre hits you with a +0 giant club!
* * * LOW HITPOINT WARNING * * *
The ogre attacks as you move away! The ogre hits you with a +0 giant club.
You die...

....#########
............########
#................>#
#.................#
#########.................#
#......##..>..............#
#......##...........#####.#
#.............#####.#####.#
#......######@##........#.#
#......### #O##........#.#
######.#.# #.##........#.#
#....#.####.##........#.#
#.##.#....#.##........#.####
#.####....#.#####...........
#.........#.# #######.####
###########.###########.####
#.#.........).....


You could see an ogre.

Vanquished Creatures
  An ogre (D:5)
  A centaur (D:5)
  3 scorpions (D:5)
  A howler monkey (D:5)
  Terence (D:2)
  A gnoll (D:1)
  2 adders (D:2)
  A worm (D:2)
  An orc (D:5)
  4 ball pythons
  6 bats
  4 endoplasms (D:1)
  3 giant cockroaches
  7 goblins
  4 hobgoblins
  A jackal (D:1)
  A quokka (D:2)
  4 frilled lizards
  4 kobolds
  4 rats
54 creatures vanquished.

Vanquished Creatures (collateral kills)
  An adder (D:2)
  2 dart slugs
  An endoplasm (D:1)
  2 hobgoblins
  A jackal (D:1)
  A quokka (D:2)
  A ball python (D:2)
  A rat (D:1)
10 creatures vanquished.

Grand Total: 64 creatures vanquished

Notes
Turn   | Place    | Note
-------+----------+-------------------------------------------
     0 | D:1      | fingers the Demonspawn Necromancer began the quest for the
                  | Orb.
     0 | D:1      | Reached XP level 1. HP: 13/13 MP: 3/3
   201 | D:1      | Gained mutation: You are partially covered in yellow
                  | scales. (AC +2) [demonic ancestry]
   201 | D:1      | Reached XP level 2. HP: 7/19 MP: 3/5
   825 | D:1      | Gained mutation: You have a pair of small horns on your
                  | head. [demonic ancestry]
   825 | D:1      | Reached XP level 3. HP: 24/24 MP: 4/6
   829 | D:1      | Learned a level 3 spell: Vampiric Draining
   845 | D:1      | Reached skill level 5 in Necromancy
  2248 | D:2      | Noticed Terence
  2254 | D:2      | Reached XP level 4. HP: 30/30 MP: 4/8
  2262 | D:2      | Killed Terence
  2382 | D:2      | Found Zoclua's Armour Boutique.
  2686 | D:2      | Learned a level 4 spell: Animate Dead
  2841 | D:3      | You fall into a shaft and drop 3 floors!
  2868 | D:5      | Entered Level 5 of the Dungeon
  2913 | D:5      | Noticed a scorpion
  2917 | D:5      | Killed a scorpion
  2918 | D:5      | Reached skill level 6 in Necromancy
  2918 | D:5      | Reached XP level 5. HP: 35/35 MP: 5/10
  3081 | D:5      | Noticed an ogre
  3268 | D:5      | Gained mutation: You have a pair of horns on your head.
                  | [demonic ancestry]
  3268 | D:5      | Reached XP level 6. HP: 24/41 MP: 7/12
  3559 | D:5      | Reached skill level 7 in Necromancy
  3559 | D:5      | Upgraded the game from 0.29.0-13-gc9e81de378 to 0.29.1
  3698 | D:5      | Slain by an ogre

Illustrated notes

Levels and vault maps discovered:
D:1:      saegor_arrival_simple_d, layout_basic, chequers_jeans,
          minmay_hedge_maze
D:2:      layout_basic, shapermc_ecumenical_altar_petra, serial_shops,
          nicolae_diamond_shop, minmay_tall_x, uniq_terence
D:3:      layout_loops_ring, ebering_ghost_sewer_f, cheibrodos_sewer_entry_bend,
          minmay_fractal_squares_diagonal_5
D:5:      layout_basic
D:6:      corexii_shantytown, layout_loops_ring, temple_green, uniq_edmund

Skill      XL: |  1  2  3  4  5  6 |
---------------+-------------------+-----
Necromancy     | 5 6 7 |  7.0
Spellcasting   | 3 4 |  4.8
Stealth        | 2 |  2.1
Dodging        | 2 |  2.3
Fighting       | |  0.3
Unarmed Combat | |  0.3

Action                   |  1- 3 |  4- 6 || total
-------------------------+-------+-------++-------
Melee: Unarmed           |    21 |    19 ||    40
       Headbutt          |     5 |     4 ||     9
       Punch             |     1 |       ||     1
       Whip              |       |     6 ||     6
 Cast: Necrotise         |    60 |    70 ||   130
  Use: Potion            |       |     1 ||     1
 Stab: Distracted        |     1 |       ||     1
Armor: Robe              |     5 |    18 ||    23
Dodge: Dodged            |    13 |    33 ||    46
